 Dungeon Crawl Stone Soup version 0.29-a0-911-g88e6f02907 (webtiles) character file.

Game seed: 6952868119107296886

1348 greasedhog the Sneak (level 8, -1/44 HPs)
             Began as a Gargoyle Hunter on July 25, 2022.
             Was an Initiate of Okawaru.
             Killed by nerve-wracking pain
             ... invoked by an orc priest
              (2 damage)
             ... on level 6 of the Dungeon.
             The game lasted 00:09:21 (5008 turns).

greasedhog the Sneak (Gargoyle Hunter)              Turns: 5008, Time: 00:09:22

Health: -1/44      AC: 10    Str: 15    XL:     8   Next: 63%
Magic:  8/8        EV: 12    Int: 10    God:    Okawaru [......]
Gold:   322        SH:  0    Dex: 21    Spells: 2/7 levels left

rFire   . . .      SeeInvis .   b - +9 hand axe of Classification {freeze, rElec}
rCold   + . .      Faith    .   (no shield)
rNeg    + . .      Spirit   .   c - +0 leather armour
rPois   ∞          Reflect  .   h - +0 helmet
rElec   +          Harm     .   (no cloak)
rCorr   .          Rampage  .   j - +0 pair of gloves
Will    .....                   (no boots)
Stlth   ++++......              (no amulet)
HPRegen 0.14/turn               p - +6 ring of dexterity
MPRegen 0.11/turn               m - ring of protection from cold

@: no status effects
A: sickness immunity, AC +5, negative energy resistance 1, electricity
resistance, torment resistance 1, petrification resistance
a: Renounce Religion


You were on level 6 of the Dungeon.
You worshipped Okawaru.
Okawaru was noncommittal.
You visited 2 branches of the dungeon, and saw 7 of its levels.

You collected 322 gold pieces.

Inventory:

Hand Weapons
 a - a +1 vorpal shortbow
 b - the +9 hand axe of Classification (weapon) {freeze, rElec}
   (You found it on level 3 of the Dungeon)

   It freezes those it strikes, dealing additional cold damage.
   It can also slow down cold-blooded creatures.
   rElec:     It insulates you from electricity.
 k - a +0 long sword
Armour
 c - a +0 leather armour (worn)
 h - a +0 helmet (worn)
 j - a +0 pair of gloves (worn)
Jewellery
 l - a ring of protection from fire
 m - a ring of protection from cold (right hand)
 p - a +6 ring of dexterity (left hand)
 r - a ring of protection from fire
Scrolls
 d - 3 scrolls of magic mapping
 f - a scroll of butterflies
 g - 4 scrolls of immolation
 i - 2 scrolls of teleportation
 o - 3 scrolls of poison
 q - 3 scrolls of identify
Potions
 e - a potion of lignification {unknown}
 n - a potion of mutation {unknown}


   Skills:
 - Level 2.1 Fighting
 * Level 3.4 Long Blades
 * Level 7.8 Ranged Weapons
 - Level 1.5 Dodging
 * Level 7.9 Stealth


You had 2 spell levels left.
You knew the following spells:

 Your Spells              Type           Power      Damage    Failure   Level
a - Portal Projectile     Hex/Tloc       0%         N/A       80%         3
b - Blink                 Tloc           0%         N/A       56%         2

Your spell library contained the following spells:

 Spells                   Type           Power      Damage    Failure   Level
 Alistair's Intoxication  Tmut/Pois      0%         N/A       100%        5
 Blade Hands              Tmut           0%         N/A       100%        5
 Borgnjor's Vile Clutch   Necr/Erth      0%         N/A       100%        5
 Manifold Assault         Tloc           0%         N/A       100%        5
 Eringya's Noxious Bog    Tmut/Pois      0%         N/A       100%        6
 Storm Form               Tmut/Air       0%         N/A       100%        7
 Borgnjor's Revivificati  Necr           0%         N/A       100%        8
 Necromutation            Tmut/Necr      0%         N/A       100%        8
 Death's Door             Necr           0%         N/A       100%        9
 Tukima's Dance           Hex            Unusable   N/A       N/A         3

Dungeon Overview and Level Annotations

Branches:
Dungeon (6/15)             Temple (1/1) D:5

Altars:
Ashenzari
Cheibriados
Dithmenos
Elyvilon
Fedhas
Gozag
Hepliaklqana
Kikubaaqudgha
Makhleb
Nemelex Xobeh
Okawaru
Qazlal
Ru
Sif Muna
Trog
Vehumet
Xom
Zin
The Shining One

Annotations:
D:3 2 transporters, nicolae's ghost, amateur OgTm
D:4 2 runed translucent doors


Innate Abilities, Weirdness & Mutations

You are immune to sickness and miasma.
Your stone body is resilient. (AC +5)
You are immune to poison.
You resist negative energy. (rN+)
You are resistant to electric shocks. (rElec)
You are resistant to unholy torment.
You are immune to petrification.


Message History

You hear the brisk rusting of a distant drain.
A necrophage comes into view.
You shoot an arrow. The arrow hits the necrophage!
The necrophage is heavily damaged.
You shoot an arrow. The arrow hits the necrophage!
The necrophage is severely damaged.
You shoot an arrow. The arrow hits the necrophage!
You destroy the necrophage!
Okawaru accepts your kill.
No target in view!
You hear the brisk rusting of a distant drain.
An orc comes into view. It is wielding a +0 hand axe.
An orc is nearby!
You shoot an arrow. The orc shouts!
The arrow hits the orc!
You kill the orc!
Okawaru accepts your kill.
You hear a shout!
No target in view!
An ogre is nearby!
You shoot an arrow. The ogre shouts!
The arrow hits the ogre!
The ogre is heavily wounded.
An ufetubus comes into view.
You shoot an arrow. The arrow hits the ogre.
The ogre is severely wounded.
The ogre hits you with a +0 giant spiked club!
An orc priest comes into view. It is wielding a +0 falchion.
The +9 hand axe of Classification {freeze, rElec} glows with a cold blue light!
b - the +9 hand axe of Classification (weapon)
{freeze, rElec} The ogre hits you with a +0 giant spiked club!
* * * LOW HITPOINT WARNING * * *
You slash the ogre! You freeze the ogre.
You kill the ogre!
Okawaru accepts your kill.
The orc priest invokes the aid of Beogh against you.
Pain shoots through your body!
You die...

#######.# ##....##.# ###
#......#.# ##..####......#
....##.......#
#...##..#...# #..#...##..#
#....#..##.####
##.)@#........##
##.)###........# .$..
#.##.............##
...>###......##.#......#
.........###÷.####.#.#.##
........ ##o####.#.###
...#...######)##.....###
........>##..............#
(...................###..


You could see an orc priest.

Vanquished Creatures
  Sigmund (D:4)
  An ice beast (D:5)
  An ogre (D:6)
  A necrophage (D:6)
  2 bullfrogs
  2 scorpions (D:5)
  A wight (D:4)
  A killer bee (D:4)
  2 howler monkeys
  A hound (D:5)
  2 jellies
  2 gnoll boudas (D:5)
  3 iguanas
  2 orc wizards
  10 gnolls
  5 adders
  A white imp (D:6)
  4 worms
  5 dart slugs
  8 orcs
  7 endoplasms
  6 giant cockroaches
  10 goblins
  5 hobgoblins
  3 kobolds (D:1)
  6 quokkas
  2 ball pythons
  7 bats
  7 frilled lizards
  5 rats
113 creatures vanquished.

Notes
Turn   | Place    | Note
-------+----------+-------------------------------------------
     0 | D:1      | greasedhog the Gargoyle Hunter began the quest for the Orb.
     0 | D:1      | Reached XP level 1. HP: 12/12 MP: 1/1
   398 | D:1      | Reached XP level 2. HP: 15/17 MP: 2/2
   897 | D:2      | Reached XP level 3. HP: 21/21 MP: 3/3
  1561 | D:2      | Reached XP level 4. HP: 26/26 MP: 4/4
  1728 | D:3      | Noticed a bullfrog
  1737 | D:2      | Killed a bullfrog
  1738 | D:2      | Reached skill level 5 in Ranged Weapons
  1738 | D:2      | Reached XP level 5. HP: 30/30 MP: 5/5
  1800 | D:3      | Found a transporter.
  1800 | D:3      | Noticed nicolae's ghost (amateur OgTm)
  1806 | D:3      | Found a transporter.
  1953 | D:3      | Identified the +9 hand axe of Classification {freeze,
                  | rElec}
  1965 | D:3      | Found a faded altar of an unknown god.
  1985 | D:3      | Noticed a black bear
  2404 | D:4      | Noticed Sigmund
  2418 | D:4      | Killed Sigmund
  2419 | D:4      | Reached skill level 5 in Stealth
  2419 | D:4      | Reached XP level 6. HP: 27/35 MP: 6/6
  2654 | D:4      | Found a large runed translucent door.
  2655 | D:4      | Found a large runed translucent door.
  2680 | D:4      | Reached XP level 7. HP: 40/40 MP: 7/7
  2688 | D:4      | Found a large runed translucent door.
  2688 | D:4      | Found a large runed translucent door.
  2703 | D:4      | Learned a level 3 spell: Portal Projectile
  2706 | D:4      | Learned a level 2 spell: Blink
  2856 | D:4      | Found a shimmering altar of Xom.
  3190 | D:4      | Found a bloodstained altar of Trog.
  3302 | D:4      | Reached skill level 1 in Long Blades
  3459 | D:5      | Entered Level 5 of the Dungeon
  3714 | D:5      | Reached XP level 8. HP: 44/44 MP: 8/8
  3780 | D:5      | Found a staircase to the Ecumenical Temple.
  4200 | Temple   | Entered the Ecumenical Temple
  4496 | Temple   | Became a worshipper of Warmaster Okawaru
  5006 | D:6      | HP: 1/44 [ogre/+0 giant spiked club (17)]
  5008 | D:6      | Killed from afar by an orc priest

Illustrated notes

Levels and vault maps discovered:
D:1:      minmay_arrival_nine_rooms, layout_basic,
          hangedman_decor_diamond_cutter, minmay_bisected
D:2:      layout_loops_cross, lemuel_old_faithful
D:3:      layout_rooms, hellmonk_ecumenical_altar_arch_garden,
          gammafunk_ghost_arena
D:4:      layout_loops_ring, mainiacjoe_overflow_surrounded_room,
          lemuel_tele_altar, minmay_hollow_rounded_squares, uniq_sigmund
D:5:      layout_basic, minmay_temple_entry_statues
D:6:      layout_cave_pools, gup_sewer_entry_glass, minmay_manual_mandibuliform
Temple:   minmay_temple_bridge_d

Skill      XL: |  1  2  3  4  5  6  7  8 |
---------------+-------------------------+-----
Stealth        | 2 3 4 5 6 7 |  7.9
Ranged Weapons | 5 6 7 |  7.8
Long Blades    | 2 3 |  3.4
Fighting       | |  2.1
Dodging        | |  1.5

Action                   |  1- 3 |  4- 6 |  7- 9 || total
-------------------------+-------+-------+-------++-------
Melee: Hand axe          |       |       |    24 ||    24
       Punch             |       |       |     1 ||     1
 Fire: Shortbow          |    83 |   115 |   115 ||   313
  Use: Scroll            |     4 |     4 |     2 ||    10
       Potion            |       |     3 |       ||     3
Armor: Leather armour    |    11 |    42 |    24 ||    77
Dodge: Dodged            |     8 |    54 |    43 ||   105

Table legend: (Time is in decaauts)
 A = Elapsed time spent in this place.
 B = Non-inter-level travel time spent in this place.
 C = Inter-level travel time spent in this place.
 D = Time resting spent in this place.
 E = Time spent auto-exploring this place.
 F = Levels seen in this place.
 G = Mean time per level.
                   A        B        C        D        E       F      G
               +--------+--------+--------+--------+--------+-----+--------+
         Total |   5073 |   4575 |    498 |    145 |   3695 |   7 |  724.7 |
       Dungeon |   4705 |   4350 |    355 |    145 |   3483 |   6 |  784.2 |
        Temple |    367 |    224 |    143 |      0 |    212 |   1 |  367.0 |
               +--------+--------+--------+--------+--------+-----+--------+

Top non-repeatable levels by time:
     D:4: 1103 daAuts
     D:5: 977 daAuts
     D:1: 904 daAuts
     D:2: 899 daAuts
     D:3: 595 daAuts
  Temple: 367 daAuts
     D:6: 224 daAuts
